 Dungeon Crawl Stone Soup version 0.28-a0-1435-g82390b3a13 (webtiles) character file.

Game seed: 10408673608178465901

414 Lekart the Skirmisher (level 6, -23/56 HPs)
             Began as a Draconian Fighter on Jan 9, 2022.
             Was a Follower of Qazlal.
             Annihilated by an ogre (27 damage)
             ... on level 5 of the Dungeon.
             The game lasted 00:03:54 (3234 turns).

Lekart the Skirmisher (Draconian Fighter)           Turns: 3234, Time: 00:03:54

Health: -23/56     AC:  8    Str: 19    XL:     6   Next: 60%
Magic:  0/6        EV: 12    Int:  8    God:    Qazlal [*.....]
Gold:   149        SH:  6    Dex: 12    Spells: 5/5 levels left

rFire   . . .      SeeInvis .   a - +0 long sword
rCold   . . .      Faith    .   b - +0 buckler
rNeg    . . .      Spirit   +   (armour unavailable)
rPois   .          Reflect  .   (helmet restricted)
rElec   .          Harm     .   m - +0 cloak
rCorr   .          Rampage  .   p - +0 pair of gloves
Will    .....                   (no boots)
Stlth   +.........              e - amulet of guardian spirit
HPRegen 0.18/turn               (no ring)
MPRegen 0.10/turn               (no ring)

@: mighty
A: AC +6, unfitting armour, cold-blooded
a: Renounce Religion


You were on level 5 of the Dungeon.
You worshipped Qazlal.
Qazlal was aware of your devotion.
You visited 1 branch of the dungeon, and saw 5 of its levels.

You collected 149 gold pieces.

Inventory:

Hand Weapons
 a - a +0 long sword (weapon)
Armour
 b - a +0 buckler (worn)
 m - a +0 cloak (worn)
 p - a +0 pair of gloves (worn)
Jewellery
 e - an amulet of guardian spirit (around neck)
 k - an amulet of the acrobat
 u - a +6 ring of strength
 v - a ring of resist corrosion
Wands
 x - a wand of flame (11)
Scrolls
 d - a scroll of silence
 h - 5 scrolls of identify {unknown}
 l - a scroll of teleportation {unknown}
 q - a scroll of vulnerability {unknown}
 s - a scroll of holy word {unknown}
 w - a scroll of noise {unknown}
 y - a scroll of fear {unknown}
Potions
 c - a potion of might
 f - 2 potions of degeneration {unknown}
 i - a potion of haste {unknown}
 j - a potion of resistance {unknown}
 n - 2 potions of brilliance {unknown}
 o - a potion of heal wounds {unknown}
 r - 2 potions of curing {unknown}


   Skills:
 * Level 5.1 Fighting
 + Level 4.9 Long Blades
 + Level 3.7 Dodging
 + Level 3.6 Shields


You had 5 spell levels left.
You didn't know any spells.
Your spell library contained the following spells:

 Spells                   Type           Power      Damage    Failure   Level
 Magic Dart               Conj           0%         1d3       50%         1
 Call Imp                 Summ           0%         N/A       65%         2
 Corpse Rot               Necr/Air       0%         N/A       65%         2
 Poisonous Vapours        Pois/Air       0%         N/A       65%         2
 Mephitic Cloud           Conj/Pois/Air  0%         N/A       86%         3


Dungeon Overview and Level Annotations

Branches:
Dungeon (5/15)             Temple (0/1) D:5

Altars:
Qazlal
The Shining One

Shops:
D:4 *

Portals:
Ossuary: D:5

Annotations:
D:3 exclusion: downstairs


Innate Abilities, Weirdness & Mutations

Your plain brown scales are hard. (AC +6)
You cannot fit into any form of body armour.
You are cold-blooded and may be slowed by cold attacks.


Message History

The white imp misses you. The orc hits you but does no damage.
You hit the white imp.
You kill the white imp!
Qazlal accepts your kill.
You hit the ogre but do no damage. The orc hits you with a +0 hand axe.
The ogre hits you with a +0 giant club!
The orc hits you with a +0 whip of distortion.
Space warps around you.
You barely miss the ogre. The orc hits you but does no damage.
You block the orc's attack. The ogre closely misses you.
You hit the ogre.
The ogre is lightly wounded.
The orc completely misses you. The orc hits you but does no damage.
You slash the ogre!
Your tail-slap misses the ogre.
The ogre is heavily wounded.
You block the ogre's attack. The orc barely misses you.
The orc hits you but does no damage. Space warps horribly around you!
You hit the ogre but do no damage.
The ogre is heavily wounded.
The orc hits you but does no damage. The ogre hits you with a +0 giant club!
The orc misses you. You block the orc's attack.
You closely miss the ogre.
The ogre is heavily wounded.
The orc hits you but does no damage. Space warps around you.
The ogre hits you but does no damage. The orc closely misses you.
You feel very mighty all of a sudden. The orc hits you but does no damage.
You blink.
Found a staircase to the Ecumenical Temple.
The orc hits you but does no damage. The orc hits you with a +0 hand axe.
The orc hits you but does no damage. Space warps horribly around you!
* * * LOW HITPOINT WARNING * * *
The orc hits you but does no damage.
You slash the orc!
You kill the orc!
Qazlal accepts your kill. You block the orc's attack.
The orc hits you but does no damage.
You barely miss the ogre.
The ogre is heavily wounded.
The ogre hits you with a +0 giant club!!
You die...

*,,,,,,*+*,,,***,****** ###....
****,,,*,*,,,***,* ##.....#
**,***.###,,,,,* ###..##..#
*,,+,,∩..'.####* #...###..#
*,,***,**#....## #.### #..#
*,,,,*,*,,,,#..# #.# #..#
*,,,,*+*,,,*##.# #.# #...
*,,,,,,,,,,* #O#######.# #.#.
*,,,,,,,,*** #@o...##..# *#.#.
*,,,,,,,,* #.o......##***,,*,
**,,,,,,,,* ##....####,,,,,**,
**,,,,,,,,,* *#....# *,,,,,**,
,,,******,,****#.....#***,,,,,***
,,,* **,,,,#........,,,,,,,* *
**** **,,>........###*,,,,,* * ,*
****,,,.........# *,,,,,* *
,*****,,,,⌠.⌠.⌠...$..# *,,,,,* *


You could see an ogre and 2 orcs.

Vanquished Creatures
  Blork the orc (D:4)
  2 scorpions (D:4)
  3 orc wizards (D:4)
  6 adders
  3 gnolls (D:3)
  A white imp (D:5)
  A dart slug (D:1)
  3 orcs
  5 endoplasms
  6 giant cockroaches
  7 goblins
  3 hobgoblins
  5 kobolds
  A quokka (D:2)
  7 ball pythons
  7 bats
  2 frilled lizards
  3 rats
66 creatures vanquished.

Notes
Turn   | Place    | Note
-------+----------+-------------------------------------------
     0 | D:1      | Lekart the Draconian Fighter began the quest for the Orb.
     0 | D:1      | Reached XP level 1. HP: 19/19 MP: 1/1
   245 | D:1      | Reached XP level 2. HP: 24/26 MP: 2/2
   975 | D:2      | Reached XP level 3. HP: 29/33 MP: 1/3
  1308 | D:2      | Reached skill level 4 in Fighting
  1354 | D:2      | Found a stormy altar of Qazlal.
  1381 | D:2      | Became a worshipper of Qazlal Stormbringer
  1652 | D:3      | Reached XP level 4. HP: 38/40 MP: 4/4
  1744 | D:3      | Found a faded altar of an unknown god.
  1863 | D:3      | Found a glowing golden altar of the Shining One.
  2484 | D:4      | Noticed Blork the orc
  2556 | D:4      | Noticed a scorpion
  2561 | D:4      | Killed a scorpion
  2562 | D:4      | Reached XP level 5. HP: 35/47 MP: 5/5
  2775 | D:4      | Found Nisa's Assorted Antiques.
  2786 | D:4      | Reached * piety under Qazlal
  2856 | D:4      | Killed Blork the orc
  2857 | D:4      | Reached XP level 6. HP: 29/55 MP: 2/6
  3014 | D:4      | Reached skill level 5 in Fighting
  3070 | D:4      | Noticed an orc warrior
  3114 | D:5      | Entered Level 5 of the Dungeon
  3218 | D:5      | Found a sand-covered staircase.
  3229 | D:5      | Found a staircase to the Ecumenical Temple.
  3234 | D:5      | Annihilated by an ogre

Illustrated notes

Levels and vault maps discovered:
D:1:      dpeg_arrival_houses_and_road, layout_basic
D:2:      layout_rooms, basic_altar
D:3:      layout_basic, mainiacjoe_overflow_catwalk,
          ebering_ecumenical_altar_rust, chequers_serial_rivers_micro_a
D:4:      kennysheep_the_goblin_king, layout_rooms, serial_shops,
          nicolae_shop_behind_doors, corexii_corridor_pit,
          guppyfry_early_orc_mine, uniq_ijyb, uniq_menkaure, uniq_blork_the_orc,
          uniq_eustachio
D:5:      layout_rooms, mainiacjoe_overflow_catch_the_wave,
          minmay_temple_entry_drinking_statues, nicolae_ossuary_entry_plus,
          minmay_misc_feat_x

Skill      XL: |  1  2  3  4  5  6 |
---------------+-------------------+-----
Dodging        | 3 |  3.7
Fighting       | 4 5 |  5.1
Long Blades    | 3 4 |  4.9
Shields        | |  3.6

Action                   |  1- 3 |  4- 6 || total
-------------------------+-------+-------++-------
Melee: Long sword        |   117 |   111 ||   228
       Tailslap          |     8 |     9 ||    17
Throw: Throwing net      |       |     1 ||     1
  Use: Scroll            |       |     2 ||     2
       Potion            |       |     1 ||     1
Armor: Skin              |    40 |    48 ||    88
Dodge: Dodged            |    88 |    86 ||   174
Block: Buckler           |    32 |    27 ||    59

Table legend: (Time is in decaauts)
 A = Elapsed time spent in this place.
 B = Non-inter-level travel time spent in this place.
 C = Inter-level travel time spent in this place.
 D = Time resting spent in this place.
 E = Time spent auto-exploring this place.
 F = Levels seen in this place.
 G = Mean time per level.
                   A        B        C        D        E       F      G
               +--------+--------+--------+--------+--------+-----+--------+
         Total |   3301 |   3199 |    102 |     74 |   2482 |   5 |  660.2 |
       Dungeon |   3301 |   3199 |    102 |     74 |   2482 |   5 |  660.2 |
               +--------+--------+--------+--------+--------+-----+--------+

Top non-repeatable levels by time:
     D:3: 1005 daAuts
     D:1: 949 daAuts
     D:2: 631 daAuts
     D:4: 593 daAuts
     D:5: 121 daAuts
